Map: Dusk Towers

Players

TryThePriest - Winner!

  • Race: Zerg Zerg
  • League: Master

xKawaiian

  • Race: Terran Terran
  • League: Master

VOD

Have the link to the VOD?

Description

Time

  • Played on: Jan. 16, 2016, 4:44 p.m.
  • Length: 17:27
Show
View Real Time Build Order
Export as new Build Order

TryThePriest Zerg - Winner!

Build Orders: Hatch First, Muta Ling Bane 

Get SALT Encoding   

  12  0:01  Drone  
  13  0:12  Overlord  
  13  0:17  Drone  
  14  0:31  Drone x2  
  14  0:35  Drone  
  17  0:52  Hatchery  
  17  0:56  Drone  
  17  0:59  Drone  
  17  1:02  Extractor  
  17  1:15  Spawning Pool  
  17  1:18  Drone  
  17  1:22  Drone  
  18  1:29  Drone  
  19  1:39  Overlord  
  19  2:03  Metabolic Boost  
  19  2:05  Zergling x2  
  19  2:06  Queen x2  
  19  2:07  Zergling x2  
  25  2:11  Drone  
  25  2:14  Drone  
  27  2:17  Drone  
  27  2:22  Drone  
  29  2:25  Drone  
  30  2:32  Drone  
  31  2:41  Queen  
  33  2:50  Hatchery  
  32  2:54  Drone  
  32  2:57  Overlord  
  33  3:02  Drone  
  33  3:03  Overlord  
  34  3:06  Drone  
  34  3:08  Drone  
  36  3:15  Queen  
  38  3:22  Drone x3  
  41  3:28  Drone x3  
  44  3:35  Overlord  
  44  3:40  Extractor  
  43  3:42  Roach Warren, Drone  
  43  3:45  Drone  
  43  3:46  Drone  
  44  3:56  Queen  
  46  4:05  Drone x3  
  46  4:06  Drone x2  
  46  4:09  Overlord  
  51  4:14  Spore Crawler  
  50  4:18  Spore Crawler  
  49  4:25  Roach x5  
  59  4:33  Queen  
  61  4:38  Drone  
  61  4:39  Drone x3  
  65  4:50  Ravager  
  65  4:51  Ravager x2  
  65  4:52  Overlord  
  68  4:55  Roach  
  68  4:57  Drone x3  
  73  5:06  Lair  
  73  5:10  Overlord x2  
  73  5:12  Evolution Chamber  
  73  5:13  Overlord  
  72  5:14  Evolution Chamber  
  72  5:18  Drone x6  
  77  5:28  Drone x6, Extractor x2  
  81  5:30  Drone  
  81  5:34  Drone x3  
  85  5:36  Drone  
  85  5:42  Zergling x8  
  90  5:47  Zergling x2  
  90  5:48  Zergling x6  
  81  5:58  Roach x3  
  81  6:03  Zergling x8  
  83  6:06  Zergling x8  
  81  6:16  Zergling x4  
  81  6:17  Zergling x2  
  79  6:25  Zerg Ground Armor Level 1, Zerg Melee Weapons Level 1  
  79  6:28  Drone x2  
  81  6:38  Drone x5  
  86  6:44  Drone  
  87  6:47  Drone  
  87  6:50  Hatchery  
  87  6:55  Hatchery  
  87  6:56  Spire  
  87  6:58  Baneling Nest  
  87  6:59  Zergling x2  
  87  7:00  Zergling x8  
  89  7:08  Drone x3  
  89  7:09  Drone x2  
  89  7:11  Drone  
  95  7:18  Zergling x4  
  95  7:32  Drone  
  95  7:34  Zergling x16  
  103  7:48  Centrifical Hooks  
  98  7:53  Zergling x4  
  98  7:54  Zergling x2  
  98  7:56  Zergling x2  
  98  7:57  Zergling x8  
  101  8:10  Mutalisk x5  
  101  8:12  Overlord x2  
  111  8:17  Hatchery  
  111  8:18  Overlord  
  111  8:19  Overlord  
  110  8:23  Extractor  
  110  8:24  Extractor  
  110  8:25  Overlord  
  110  8:26  Baneling x10  
  110  8:27  Baneling x2  
  108  8:31  Zergling x2  
  108  8:32  Zergling x10  
  113  8:52  Mutalisk x2  
  113  8:53  Mutalisk x3  
  123  9:00  Drone x2  
  125  9:04  Zerg Melee Weapons Level 2  
  125  9:05  Zergling x14  
  125  9:06  Zergling x6  
  133  9:15  Zergling x10  
  138  9:26  Zerg Ground Armor Level 2  
  138  9:29  Drone  
  138  9:30  Zerg Flyer Weapons Level 1, Infestation Pit  
  138  9:32  Zergling x18  
  138  9:33  Zergling x2  
  148  9:45  Zergling x2  
  149  9:46  Overlord x2  
  149  9:47  Overlord x2  
  149  9:48  Overlord  
  149  9:51  Baneling x4  
  149  10:01  Baneling x4  
  149  10:11  Zergling x22  
  123  10:24  Mutalisk x3  
  123  10:27  Zergling x14  
  123  10:28  Zergling x2  
  123  10:31  Zergling x4  
  119  10:46  Zergling x22  
  120  10:54  Hive  
  120  10:55  Mutalisk  
  120  10:56  Mutalisk  
  121  11:04  Drone x2  
  121  11:08  Baneling x2  
  121  11:09  Baneling x10  
  123  11:18  Zergling x10  
  123  11:35  Mutalisk x6  
  123  11:37  Mutalisk  
  123  11:38  Mutalisk  
  139  11:47  Queen  
  141  12:05  Baneling x5  
  141  12:07  Zergling x28  
  155  12:19  Zerg Melee Weapons Level 3  
  155  12:20  Zerg Ground Armor Level 3  
  155  12:32  Adrenal Glands  
  155  12:36  Ultralisk Cavern  
  154  12:40  Zergling x12  
  124  12:52  Zergling x2  
  124  12:53  Zergling x22  
  124  12:55  Zergling x2  
  116  12:59  Baneling x7  
  116  13:01  Baneling  
  116  13:02  Baneling x4  
  116  13:07  Zergling x6  
  116  13:11  Zergling x6  
  120  13:20  Zergling x12  
  120  13:26  Zergling x2  
  121  13:27  Zergling x10  
  121  13:32  Zergling x8  
  127  13:37  Zergling x8  
  131  13:56  Hatchery  
  131  13:57  Chitinous Plating  
  131  13:59  Ultralisk  
  136  14:06  Ultralisk  
  142  14:15  Ultralisk  
  142  14:16  Baneling  
  142  14:17  Baneling x5  
  146  14:18  Baneling x2  
  146  14:19  Baneling  
  146  14:27  Ultralisk  
  152  14:31  Baneling x5  
  152  14:39  Ultralisk  
  158  14:45  Corruptor  
  155  14:58  Ultralisk x2  
  167  15:00  Zergling x10  
  139  15:22  Zergling x30  
  139  15:23  Zergling x2  
  139  15:28  Zergling x6  
  142  15:39  Corruptor x2  
  138  15:46  Zergling x6  
  131  15:52  Zergling x8  
  131  15:53  Zergling x2  
  131  15:55  Zergling x6  
  139  16:02  Zergling x2  
  139  16:03  Zergling x6  
  143  16:09  Zergling x2  
  143  16:10  Zergling x8  
  148  16:18  Baneling x10  
  148  16:26  Zergling x2  
  148  16:27  Zergling x8  
  153  16:35  Zergling x8  
  156  16:46  Zergling x10  
  156  16:47  Zergling x2  
  160  16:53  Zergling x2  
  160  16:54  Zergling x6  
Show
View Real Time Build Order
Export as new Build Order

xKawaiian Terran 

Build Orders: Reaper Expand, Bio Tank 

Get SALT Encoding   

  12  0:00  SCV  
  13  0:13  SCV  
  14  0:17  Supply Depot  
  14  0:25  SCV  
  15  0:39  SCV  
  15  0:40  Barracks  
  16  0:46  Refinery  
  16  0:51  SCV  
  17  1:03  SCV  
  18  1:15  SCV  
  19  1:29  Reaper, Orbital Command  
  20  1:40  Command Center  
  20  1:53  Supply Depot  
  20  1:54  SCV  
  21  2:02  Barracks Reactor  
  21  2:06  SCV  
  21  2:07  Barracks  
  22  2:19  SCV  
  22  2:20  Barracks  
  23  2:31  SCV  
  23  2:40  Marine x2  
  23  2:43  SCV  
  26  2:53  Orbital Command  
  26  2:55  Barracks Tech Lab  
  26  2:57  SCV, Marine  
  26  2:58  Marine  
  29  3:05  Factory  
  29  3:07  Marine  
  29  3:08  Refinery  
  29  3:09  SCV  
  31  3:15  Marine x2  
  31  3:16  Stimpack  
  33  3:21  SCV x2  
  33  3:22  Marine  
  33  3:25  Marine  
  37  3:33  SCV x2, Marine x2  
  41  3:39  Supply Depot  
  41  3:40  Marine  
  42  3:45  SCV x2  
  44  3:48  Starport  
  44  3:49  Factory Reactor  
  44  3:52  Marine  
  45  3:57  SCV  
  45  4:00  Supply Depot  
  45  4:01  SCV, Marine  
  45  4:02  Marine  
  49  4:03  Marine  
  49  4:09  SCV  
  51  4:11  Supply Depot, Marine  
  51  4:13  SCV  
  53  4:20  Marine  
  53  4:21  SCV, Marine  
  53  4:23  Supply Depot  
  56  4:25  SCV  
  56  4:31  Medivac x2  
  59  4:33  SCV, Marine x2  
  64  4:39  SCV  
  64  4:40  Marine x2  
  67  4:45  SCV  
  67  4:46  Supply Depot  
  67  4:51  Marine x2  
  70  4:56  Command Center  
  70  4:57  SCV  
  70  4:58  SCV  
  72  5:07  Marine x2  
  72  5:08  Marine  
  72  5:09  SCV, Marine  
  72  5:11  SCV  
  72  5:12  Factory Tech Lab  
  78  5:15  Refinery x2  
  78  5:21  Medivac  
  78  5:22  Medivac  
  78  5:25  Marine x2  
  78  5:26  Marine  
  78  5:28  Engineering Bay  
  85  5:31  SCV, Engineering Bay  
  86  5:36  Supply Depot  
  86  5:42  Combat Shields  
  86  5:43  Barracks Reactor  
  86  5:55  SCV  
  86  5:56  SCV  
  81  6:08  Marine x2  
  81  6:09  Siege Tank, Medivac  
  88  6:12  SCV, Medivac  
  89  6:21  Orbital Command  
  89  6:23  Marine x2  
  84  6:26  Marine x2  
  84  6:27  Terran Infantry Weapons Level 1  
  84  6:28  Terran Infantry Armor Level 1  
  84  6:29  Barracks x2  
  84  6:31  SCV x2  
  86  6:34  Marine  
  87  6:41  Orbital Command, Marine  
  87  6:44  Siege Tank  
  89  6:48  SCV  
  90  6:54  Marine x3  
  90  6:56  Medivac  
  90  6:59  Medivac  
  90  7:00  Supply Depot x2  
  90  7:01  Supply Depot, Marine  
  98  7:07  SCV  
  99  7:10  Marine  
  99  7:12  Armory  
  99  7:13  Marine x2  
  102  7:16  Marine  
  102  7:17  Barracks Reactor  
  103  7:23  Marine  
  103  7:25  SCV x2  
  103  7:26  Medivac  
  103  7:28  Barracks Reactor, Marine  
  108  7:31  Marine  
  108  7:32  Supply Depot, Marine  
  108  7:34  Marine  
  108  7:36  Medivac  
  113  7:38  SCV x3  
  113  7:41  Marine  
  117  7:45  Marine  
  117  7:46  Siege Tank  
  117  7:48  Marine  
  117  7:50  SCV x2  
  117  7:51  SCV  
  125  7:53  Marine  
  125  7:54  Marine  
  122  8:01  Marine x2  
  122  8:02  SCV x2  
  122  8:03  SCV  
  122  8:05  Refinery x2  
  126  8:08  Marine x2  
  126  8:10  Command Center, Barracks, Marine x2  
  126  8:11  Factory  
  130  8:14  SCV x2  
  130  8:18  Siege Tank  
  135  8:22  Terran Vehicle Weapons Level 1  
  135  8:24  Marine x2  
  137  8:32  SCV x3, Marine  
  141  8:37  Marine  
  141  8:46  Supply Depot  
  141  8:48  Supply Depot  
  141  8:51  Supply Depot  
  141  8:54  Terran Infantry Weapons Level 2  
  141  8:59  Terran Infantry Armor Level 2  
  141  9:03  Barracks Reactor  
  141  9:08  SCV x2, Siege Tank, Marine x4  
  141  9:09  Marine x4  
  153  9:12  Missile Turret  
  153  9:13  Missile Turret  
  153  9:14  Factory Reactor, Missile Turret  
  153  9:15  Missile Turret  
  153  9:16  Factory Tech Lab  
  153  9:21  Missile Turret x2  
  142  9:27  SCV x3  
  145  9:32  Marine x3  
  145  9:33  Marine x3  
  145  9:35  Marine x2  
  153  9:39  SCV  
  153  9:40  Siege Tank  
  157  9:52  Missile Turret x2  
  157  9:54  Planetary Fortress, Refinery  
  157  9:58  Refinery  
  157  9:59  Marine x3  
  159  10:00  Marine x3  
  159  10:01  Marine  
  164  10:09  Marine x2  
  164  10:10  Marine x2  
  168  10:17  Marine  
  141  10:21  Siege Tank  
  141  10:24  Marine x2  
  127  10:28  Marine  
  127  10:29  Marine x6  
  127  10:30  Terran Vehicle Weapons Level 2  
  128  10:36  Barracks  
  128  10:37  Barracks  
  128  10:40  Siege Tank  
  128  10:41  Medivac x2  
  123  10:49  Marine  
  112  10:50  Marine  
  112  10:53  Siege Tank  
  112  10:54  SCV x2  
  117  11:05  Command Center  
  117  11:06  SCV x2  
  117  11:10  Missile Turret, Marine  
  117  11:11  Medivac x2  
  124  11:12  Marine x2  
  124  11:13  Siege Tank, Marine  
  124  11:14  Marine  
  131  11:22  Terran Infantry Weapons Level 3  
  131  11:26  Marine x5  
  131  11:30  Siege Tank  
  131  11:33  Marine x4  
  131  11:35  Barracks Tech Lab  
  131  11:36  Barracks Tech Lab  
  131  11:39  SCV x2  
  136  11:40  SCV x2  
  136  11:41  Marine  
  136  11:43  Marine  
  136  11:46  Marine  
  140  11:52  Marine x3  
  143  11:57  Marauder, Marine  
  143  12:00  Starport  
  148  12:01  Marauder  
  148  12:04  Fusion Core  
  148  12:05  Marine x2  
  150  12:10  Marine x2  
  150  12:11  Marine, Marauder  
  150  12:13  Marine x2  
  150  12:15  Marine  
  158  12:20  Terran Infantry Armor Level 3  
  158  12:22  Marauder  
  158  12:25  Marine x2  
  158  12:26  Marauder  
  158  12:27  Marine x2  
  158  12:29  Marine x2  
  164  12:38  Marauder, Marine x2  
  164  12:44  Marauder  
  167  12:45  Liberator x2  
  136  12:52  Marine x2  
  136  12:53  Marine x3  
  136  12:54  Marine x2  
  136  12:55  Starport Tech Lab  
  134  12:59  Marine x2  
  142  13:05  Planetary Fortress  
  142  13:06  Marine x2  
  142  13:07  Thor  
  142  13:09  Liberator  
  142  13:12  Marine  
  150  13:13  Marine  
  150  13:14  Thor  
  150  13:19  Marine x2  
  159  13:20  Marine x7  
  159  13:24  Marine  
  159  13:25  Marine  
  148  13:27  Liberator x2  
  148  13:30  Terran Vehicle Weapons Level 3, Marine x2  
  145  13:37  Marine x2  
  145  13:38  Marine x3  
  150  13:44  Marine  
  150  13:45  Marauder x3, Marine x2  
  150  13:47  Advanced Ballistics  
  150  13:48  Marine  
  165  13:51  Command Center  
  165  13:52  Liberator  
  165  13:55  Missile Turret  
  166  13:56  Missile Turret, Marine x3  
  166  13:58  Missile Turret  
  166  14:00  SCV  
  170  14:06  Marauder  
  170  14:07  Marauder  
  177  14:10  Marine, Liberator  
  177  14:11  Marauder  
  177  14:12  Starport x2  
  177  14:14  Marine x2  
  182  14:21  Marine  
  183  14:26  Refinery  
  183  14:27  Refinery  
  183  14:28  Command Center, Marauder x2  
  183  14:29  Marine x3  
  183  14:31  Marine  
  193  14:32  Marauder  
  195  14:42  SCV x5  
  200  15:02  Liberator x2  
  200  15:05  Starport Reactor, Starport Tech Lab  
  200  15:12  Marauder, Marine x2  
  200  15:13  Marauder  
  162  15:17  Marine  
  162  15:18  Marauder, Marine x3  
  153  15:25  Marine  
  153  15:26  Missile Turret  
  153  15:27  Missile Turret  
  150  15:30  Marine x2  
  150  15:33  Thor, Marine x2  
  150  15:34  Marauder x2  
  149  15:39  Marauder, Marine x2  
  151  15:44  Liberator  
  151  15:45  Marine x3  
  150  15:52  Marine  
  150  15:55  Marauder x2  
  142  16:01  Marauder, Marine  
  142  16:03  Marine x2  
  137  16:08  Hi-Sec Auto Tracking  
  137  16:16  Medivac x2  
  137  16:17  Marauder x2  
  145  16:21  Missile Turret, Marine  
  145  16:22  Marauder  
  145  16:23  Marine  
  145  16:24  Marine  
  145  16:25  Medivac x2, Marine x3  
  157  16:34  Marine  
  157  16:36  SCV  
  157  16:38  Marauder x2, Marine x3  
  157  16:39  Marine  
  151  16:44  Marauder  
  151  16:45  Marine  
  154  16:47  Marine  
  149  16:55  Marine  
  149  16:56  Marine  
  149  16:59  Marauder, Marine x2  
  149  17:00  Marauder  
  106  17:05  Marine, Marauder  
Tags
 
Add a new tag
Caveats
  • Supply blocks, unpowered buildings, or Contaminate may cause inaccurate times.
  • Supply counts are checked every 10 seconds.